Influenza vs Saguenéens
Created - 27 décembre 2014 at 19:19
Goals
|
Influenza |
1 |
3 |
2 |
6 |
Saguenéens |
2 |
1 |
4 |
7 |
|
Shots
|
Influenza |
15 |
16 |
9 |
40 |
Saguenéens |
8 |
12 |
17 |
37 |
|
1st period
1. Saguenéens , Wayne Simmonds 3 (Kyle Brodziak, Evgeny Dadonov) at 10:28
2. Influenza , Ryan Carter 25 (Martins Karsums, Robbie Earl) at 16:34 (PP)
3. Saguenéens , Bryan Bickell 7 (Derek Morris, David Laliberté) at 17:23
Penalties :
Matt Corrente (VJB) for Interference (Minor) at 12:08, Joffrey Lupul (Chi) for Boarding (Minor) at 15:22, Alex Stalock (VJB) for Slashing (Double Minor) at 17:36 - Matt Corrente served the penalty
2nd period
4. Saguenéens , Derek Morris 4 (Kyle Brodziak) at 0:06 (PP)
5. Influenza , Martins Karsums 22 (Oskars Bartulis) at 5:33
6. Influenza , Ryan Russell 10 (Ben Smith, Cody McCormick) at 16:43 (PP)
7. Influenza , Ryan Carter 26 (Robbie Earl, Martins Karsums) at 17:12 (PP)
Penalties :
Kyle Brodziak (Chi) for High sticking (Minor) at 1:40, Wayne Simmonds (Chi) for High sticking (Minor) at 10:53, Rhett Rakhshani (Chi) for High sticking (Minor) at 16:10, Wayne Simmonds (Chi) for Tripping (Minor) at 17:02, Bryan Bickell (Chi) for Holding (Minor) at 18:18
3rd period
8. Saguenéens , Kyle Brodziak 14 (David Laliberté) at 1:01
9. Influenza , Zac Dalpe 10 (Eric Wellwood, Jeremy Morin) at 2:03
10. Influenza , Ben Smith 10 (Carl Gunnarsson) at 3:54
11. Saguenéens , Marcus Johansson 12 (Joffrey Lupul) at 4:00
12. Saguenéens , Kyle Brodziak 15 (Evgeny Dadonov) at 6:53 (PP)
13. Saguenéens , Kyle Brodziak 16 (Wayne Simmonds, Evgeny Dadonov) at 18:25
Penalties :
Robbie Earl (VJB) for Hooking (Minor) at 6:41, Matt Corrente (VJB) for Roughing (Minor) at 9:50
Goalie Stats
Alex Stalock (VJB), 30 saves from 37 shots - (0,811), L, 11-13-2, 59:08 minutes
Harru Sateri (Chi), 34 saves from 40 shots - (0,850), W, 6-6-3, 60:00 minutes
Players Stats for Influenza
Player Name G A P +/- PIM S H SB GA TA FO MP PP MP PK MP
------------------------------------------------------------------------------------
Adam Berti 0 0 0 0 0 0 0 0 0 0 0/0 6:07 0:00 0:46
Andreas Engqvist 0 0 0 0 0 0 0 0 0 0 2/2 5:21 0:00 0:00
Ben Smith 1 1 2 0 0 3 1 0 1 0 1/1 18:30 3:13 1:54
Brian Salcido 0 0 0 0 0 0 0 2 0 2 0/0 12:08 0:00 3:45
Carl Gunnarsson 0 1 1 -1 0 1 1 1 0 0 0/0 17:48 2:32 1:49
Cody McCormick 0 1 1 0 0 2 2 0 2 0 5/15 16:36 3:13 0:00
Colby Robak 0 0 0 0 0 0 0 0 0 0 0/0 3:10 0:00 0:00
Colin McDonald 0 0 0 0 0 4 0 1 1 0 0/1 7:21 0:00 1:22
Corey Tropp 0 0 0 0 0 0 0 0 0 0 0/0 0:00 0:00 0:00
Eric Wellwood 0 1 1 -1 0 3 0 1 0 1 0/0 9:07 0:00 0:00
Jeff May 0 0 0 0 0 0 0 1 0 0 0/0 4:26 0:00 1:14
Jeff Petry 0 0 0 0 0 0 0 1 0 0 0/0 8:22 0:00 0:00
Jeremy Morin 0 1 1 -1 0 3 0 0 0 0 0/1 9:45 0:00 0:00
Jordan Schroeder 0 0 0 0 0 0 0 0 0 0 0/0 0:03 0:00 0:03
Juraj Mikus 0 0 0 0 0 0 0 0 0 0 0/0 0:00 0:00 0:00
Martins Karsums 1 2 3 -1 0 6 2 0 2 0 2/3 23:30 4:39 1:54
Mathieu Carle 0 0 0 -1 0 2 3 3 1 0 0/0 30:19 5:20 4:31
Matt Corrente 0 0 0 -1 4 2 2 1 1 2 0/0 25:59 5:20 0:12
Oskars Bartulis 0 1 1 -1 0 2 1 0 0 0 0/0 17:48 2:32 1:49
Paul Szczechura 0 0 0 0 0 0 0 0 0 0 0/0 0:00 0:00 0:00
Robbie Earl 0 2 2 -1 2 3 2 0 1 0 1/10 25:13 4:39 3:36
Ryan Carter 2 0 2 -1 0 5 1 0 1 0 22/39 25:04 4:25 3:45
Ryan Russell 1 0 1 0 0 3 0 0 1 0 0/1 16:36 3:13 0:00
T.J Brodie 0 0 0 0 0 0 0 0 0 0 0/0 0:00 0:00 0:00
Zac Dalpe 1 0 1 -1 0 1 0 0 0 0 3/6 10:04 0:14 0:00
Players Stats for Saguenéens
Player Name G A P +/- PIM S H SB GA TA FO MP PP MP PK MP
------------------------------------------------------------------------------------
Brandon Burlon 0 0 0 1 0 1 0 1 0 2 0/0 8:35 0:00 0:00
Brian Flynn 0 0 0 -1 0 0 0 0 0 0 4/9 11:06 0:00 0:00
Bryan Bickell 1 0 1 0 2 3 0 0 0 0 0/0 12:30 0:05 0:24
David Laliberté 0 2 2 2 0 0 1 0 1 2 0/0 19:12 3:04 3:39
Derek Morris 1 1 2 0 0 2 3 0 2 0 0/0 28:36 3:36 3:55
Eric Tangradi 0 0 0 -1 0 0 1 1 0 0 1/1 11:15 0:05 0:00
Evgeny Dadonov 0 3 3 1 0 3 3 0 1 0 1/3 19:13 3:36 0:00
Jeffrey Foss 0 0 0 1 0 1 1 1 0 0 0/0 8:35 0:00 0:00
Joffrey Lupul 0 1 1 1 2 1 2 0 1 1 1/1 16:47 3:04 2:00
Kevin Marshall 0 0 0 1 0 1 3 2 0 2 0/0 22:49 3:04 3:57
Kris Russell 0 0 0 0 0 0 0 1 0 1 0/0 26:25 3:36 3:55
Kyle Brodziak 3 2 5 2 2 11 2 0 0 0 23/37 22:49 3:31 2:45
Marcus Johansson 1 0 1 1 0 5 1 0 0 0 7/13 14:58 3:04 0:18
Mike Sauer 0 0 0 1 0 2 0 1 0 2 0/0 25:00 3:04 3:57
Petteri Wirtanen 0 0 0 0 0 2 0 1 0 1 4/10 10:08 0:00 4:00
Rhett Rakhshani 0 0 0 0 2 0 0 0 0 0 0/1 6:07 0:00 0:00
Tyler McNeely 0 0 0 0 0 0 1 1 0 0 0/0 6:08 0:00 0:00
Wayne Simmonds 1 1 2 1 4 5 4 1 0 0 2/4 21:49 3:31 2:38
3 Stars
1 - Kyle Brodziak (Chi)
2 - Evgeny Dadonov (Chi)
3 - Martins Karsums (VJB)
Power Play
Influenza - 3 on 6 Attempt(s) - 50,00%
Saguenéens - 2 on 4 Attempt(s) - 50,00%
Penalty Kill
Influenza - 2 on 4 Attempt(s) - 50,00%
- Score 0 goal in Penalty Kill
Saguenéens - 3 on 6 Attempt(s) - 50,00%
- Score 0 goal in Penalty Kill
Official
Referees : Auger Stephane and Kowal Tom
Linesman : Tim Nowak and Brian Mach
Game Notes
Eric Wellwood is injured at 17:48 of 3rd period (Bruised Left Foot)
Kyle Brodziak has scored a Hat Trick!
Finance
Level 1 -- Attendance: 1315 (65,75%) -- Ticket Income 52 600 $
Level 2 -- Attendance: 654 (65,40%) -- Ticket Income 13 080 $
Total Attendance: 1969 (65,63%)
Total Ticket Income: 65 680 $
Other Income: 3 284 $
Total Income: 68 964 $
Influenza
5 vs 5 Forward
Center Left Wing Right Wing Time % Phy DF OF
1 Ryan Carter Robbie Earl Martins Karsums 40 1 2 2
2 Cody McCormick Ryan Russell Ben Smith 30 1 2 2
3 Zac Dalpe Eric Wellwood Jeremy Morin 20 1 2 2
4 Andreas Engqvist Adam Berti Colin McDonald 10 1 2 2
5 vs 5 Defense
Defense Defense Time % Phy DF OF
1 Mathieu Carle Matt Corrente 40 1 2 2
2 Carl Gunnarsson Oskars Bartulis 30 1 2 2
3 Jeff Petry Brian Salcido 20 1 2 2
4 Jeff May Colby Robak 10 1 2 2
PowerPlay Forward
Center Left Wing Right Wing Time % Phy DF OF
1 Ryan Carter Robbie Earl Martins Karsums 60 1 2 2
2 Cody McCormick Ryan Russell Ben Smith 40 1 2 2
PowerPlay Defense
Defense Defense Time % Phy DF OF
1 Mathieu Carle Matt Corrente 60 1 2 2
2 Carl Gunnarsson Oskars Bartulis 40 1 2 2
Penalty Kill 4 Players Forward
Center Wing Time % Phy DF OF
1 Robbie Earl Ryan Carter 60 1 2 2
2 Martins Karsums Ben Smith 40 1 2 2
Penalty Kill 4 Players Defense
Defense Defense Time % Phy DF OF
1 Mathieu Carle Matt Corrente 60 1 2 2
2 Carl Gunnarsson Oskars Bartulis 40 1 2 2
Penalty Kill - 3 Players Forward
Forward Time % Phy DF OF
1 Robbie Earl 60 1 2 2
2 Ryan Carter 40 1 2 2
Penalty Kill - 3 Players Defense
Defense Defense Time % Phy DF OF
1 Mathieu Carle Matt Corrente 60 1 2 2
2 Carl Gunnarsson Oskars Bartulis 40 1 2 2
4 vs 4 Forward
Center Wing Time % Phy DF OF
1 Robbie Earl Ryan Carter 60 1 2 2
2 Martins Karsums Ben Smith 40 1 2 2
4 vs 4 Defense
Defense Defense Time % Phy DF OF
1 Mathieu Carle Matt Corrente 60 1 2 2
2 Carl Gunnarsson Oskars Bartulis 40 1 2 2
Last Minutes Offensive
Center Left Wing Right Wing Defense Defense
Ryan Carter Robbie Earl Martins Karsums Mathieu Carle Matt Corrente
Last Minutes Defensive
Center Left Wing Right Wing Defense Defense
Ryan Carter Robbie Earl Martins Karsums Mathieu Carle Matt Corrente
Goaltenders
Starting : Alex Stalock
Backup : Tyson Sexsmith
Extra Forwards
Normal : Zac Dalpe, Jeremy Morin, Colin McDonald - PP : Zac Dalpe, Jeremy Morin - PK : Colin McDonald
Extra Defensemen
Normal : Jeff Petry, Brian Salcido, Jeff May - PP : Jeff Petry - PK : Brian Salcido, Jeff May
Penalty Shots
Robbie Earl, Ryan Carter, Martins Karsums, Ben Smith, Cody McCormick
Saguenéens
5 vs 5 Forward
Center Left Wing Right Wing Time % Phy DF OF
1 Kyle Brodziak Evgeny Dadonov Wayne Simmonds 40 1 2 2
2 Marcus Johansson Joffrey Lupul David Laliberté 30 1 2 2
3 Brian Flynn Bryan Bickell Eric Tangradi 20 1 2 2
4 Petteri Wirtanen Tyler McNeely Rhett Rakhshani 10 1 2 2
5 vs 5 Defense
Defense Defense Time % Phy DF OF
1 Derek Morris Kris Russell 37 1 2 2
2 Kevin Marshall Mike Sauer 33 1 2 2
3 Jeffrey Foss Brandon Burlon 20 1 2 2
4 Derek Morris Mike Sauer 10 0 2 3
PowerPlay Forward
Center Left Wing Right Wing Time % Phy DF OF
1 Kyle Brodziak Evgeny Dadonov Wayne Simmonds 55 1 1 3
2 Marcus Johansson Joffrey Lupul David Laliberté 45 1 1 3
PowerPlay Defense
Defense Defense Time % Phy DF OF
1 Derek Morris Kris Russell 50 0 2 3
2 Mike Sauer Kevin Marshall 50 0 2 3
Penalty Kill 4 Players Forward
Center Wing Time % Phy DF OF
1 Kyle Brodziak David Laliberté 50 1 3 1
2 Petteri Wirtanen Wayne Simmonds 50 2 2 1
Penalty Kill 4 Players Defense
Defense Defense Time % Phy DF OF
1 Kris Russell Derek Morris 50 1 3 1
2 Mike Sauer Kevin Marshall 50 1 3 1
Penalty Kill - 3 Players Forward
Forward Time % Phy DF OF
1 Kyle Brodziak 50 1 3 1
2 Wayne Simmonds 50 1 3 1
Penalty Kill - 3 Players Defense
Defense Defense Time % Phy DF OF
1 Kris Russell Mike Sauer 50 1 3 1
2 Derek Morris Kevin Marshall 50 1 3 1
4 vs 4 Forward
Center Wing Time % Phy DF OF
1 Kyle Brodziak Evgeny Dadonov 50 1 1 3
2 Marcus Johansson Wayne Simmonds 50 2 1 2
4 vs 4 Defense
Defense Defense Time % Phy DF OF
1 Kevin Marshall Mike Sauer 50 1 2 2
2 Derek Morris Kevin Marshall 50 1 2 2
Last Minutes Offensive
Center Left Wing Right Wing Defense Defense
Kyle Brodziak Joffrey Lupul Wayne Simmonds Derek Morris Mike Sauer
Last Minutes Defensive
Center Left Wing Right Wing Defense Defense
Kyle Brodziak Evgeny Dadonov Wayne Simmonds Derek Morris Mike Sauer
Goaltenders
Starting : Harru Sateri
Backup : James Reimer
Extra Forwards
Normal : Brian Flynn, Wayne Simmonds, Petteri Wirtanen - PP : Eric Tangradi, Bryan Bickell - PK : Joffrey Lupul
Extra Defensemen
Normal : Brandon Burlon, Derek Morris, Mike Sauer - PP : Brandon Burlon - PK : Jeffrey Foss, Brandon Burlon
Penalty Shots
Evgeny Dadonov, Wayne Simmonds, Joffrey Lupul, Kyle Brodziak, Bryan Bickell
% Time on Ice - Influenza
Lines # - Real PCT - Wanted PCT - Time Play
Normal Forward
1 - 36% - 40% - 15:44
2 - 30% - 30% - 13:23
3 - 22% - 20% - 9:45
4 - 12% - 10% - 5:21
Normal Defense
1 - 45% - 40% - 19:45
2 - 30% - 30% - 13:27
3 - 18% - 20% - 7:51
4 - 7% - 10% - 3:10
PP Forward
1 - 59% - 60% - 4:39
2 - 41% - 40% - 3:13
PP Defense
1 - 68% - 60% - 5:20
2 - 32% - 40% - 2:32
PK Forward
1 - 72% - 60% - 4:46
2 - 29% - 40% - 1:54
PK Defense
1 - 73% - 60% - 4:51
2 - 27% - 40% - 1:49
PK3 Forward
1 - 0% - 60%
2 - 0% - 40%
PK3 Defense
1 - 0% - 60%
2 - 0% - 40%
44 Forward
1 - 0% - 60%
2 - 0% - 40%
44 Defense
1 - 0% - 60%
2 - 0% - 40%
Last Minute Offensive - 1:15
Last Minute Defensive - 0:00
Total
Forward - 60:00
Defense - 60:00
|
% Time on Ice - Saguenéens
Lines # - Real PCT - Wanted PCT - Time Play
Normal Forward
1 - 37% - 40% - 16:38
2 - 26% - 30% - 11:36
3 - 24% - 20% - 11:06
4 - 13% - 10% - 6:08
Normal Defense
1 - 42% - 37% - 18:54
2 - 35% - 33% - 15:48
3 - 19% - 20% - 8:35
4 - 5% - 10% - 2:11
PP Forward
1 - 54% - 55% - 3:36
2 - 46% - 45% - 3:04
PP Defense
1 - 54% - 50% - 3:36
2 - 46% - 50% - 3:04
PK Forward
1 - 49% - 50% - 3:52
2 - 51% - 50% - 4:00
PK Defense
1 - 50% - 50% - 3:55
2 - 50% - 50% - 3:57
PK3 Forward
1 - 0% - 50%
2 - 0% - 50%
PK3 Defense
1 - 0% - 50%
2 - 0% - 50%
44 Forward
1 - 0% - 50%
2 - 0% - 50%
44 Defense
1 - 0% - 50%
2 - 0% - 50%
Last Minute Offensive - 0:00
Last Minute Defensive - 0:00
Total
Forward - 60:00
Defense - 60:00
|
Play by Play
1st period
0:01 of 1st period - Kyle Brodziak wins face-off versus Robbie Earl in neutral zone.
0:04 of 1st period - Wrist shot by Derek Morris.
0:04 of 1st period - Deflect By Evgeny Dadonov.
0:04 of 1st period - Shot Misses the Net.
0:04 of 1st period - Puck is out of play.
0:05 of 1st period - Ryan Carter wins face-off versus Kyle Brodziak in Influenza zone.
0:32 of 1st period - Kris Russell is hit by Ben Smith and loses puck.
1:09 of 1st period - Colin McDonald is hit by Kevin Marshall and loses puck.
1:14 of 1st period - Slapshot by Petteri Wirtanen.
1:14 of 1st period - Shot Misses the Net.
1:28 of 1st period - Robbie Earl is hit by Wayne Simmonds and loses puck.
1:33 of 1st period - Slapshot by Kyle Brodziak.
1:33 of 1st period - Shot Misses the Net.
1:35 of 1st period - Slapshot by Derek Morris.
1:35 of 1st period - Shot Misses the Net.
1:49 of 1st period - Ryan Carter is hit by Joffrey Lupul and loses puck.
1:58 of 1st period - Wrist shot by Robbie Earl.
1:58 of 1st period - Deflect By Ryan Carter.
1:58 of 1st period - Stopped by Harru Sateri with a rebound.
2:00 of 1st period - Wrist shot by Robbie Earl.
2:00 of 1st period - Stopped by Harru Sateri without a rebound.
2:01 of 1st period - Kyle Brodziak wins face-off versus Cody McCormick in Saguenéens zone.
2:10 of 1st period - Wrist shot by Evgeny Dadonov.
2:10 of 1st period - Shot Misses the Net.
2:12 of 1st period - Slapshot by Brandon Burlon.
2:12 of 1st period - Stopped by Alex Stalock with a rebound.
2:14 of 1st period - Wrist shot by Wayne Simmonds.
2:14 of 1st period - Stopped by Alex Stalock without a rebound.
2:15 of 1st period - Brian Flynn wins face-off versus Zac Dalpe in Influenza zone.
2:44 of 1st period - Off-side.
2:45 of 1st period - Kyle Brodziak wins face-off versus Ryan Russell in neutral zone.
3:15 of 1st period - Off-side.
3:16 of 1st period - Petteri Wirtanen wins face-off versus Ryan Carter in neutral zone.
3:39 of 1st period - Wrist shot by Derek Morris.
3:39 of 1st period - Shot Misses the Net.
3:45 of 1st period - Snap shot by Martins Karsums.
3:45 of 1st period - Stopped by Harru Sateri with a rebound.
3:47 of 1st period - Wrist shot by Ryan Carter.
3:47 of 1st period - Shot Misses the Net.
3:49 of 1st period - Snap shot by Robbie Earl.
3:49 of 1st period - Stopped by Harru Sateri with a rebound.
3:51 of 1st period - Slapshot by Matt Corrente.
3:51 of 1st period - Shot Misses the Net.
4:27 of 1st period - Icing by Matt Corrente.
4:28 of 1st period - Ryan Carter wins face-off versus Evgeny Dadonov in Influenza zone.
5:06 of 1st period - Snap shot by Zac Dalpe.
5:06 of 1st period - Deflect By Jeremy Morin.
5:06 of 1st period - Stopped by Harru Sateri without a rebound.
5:07 of 1st period - Cody McCormick wins face-off versus Brian Flynn in Saguenéens zone.
5:08 of 1st period - Snap shot by Ben Smith.
5:08 of 1st period - Shot Blocked by Brandon Burlon.
5:10 of 1st period - Slapshot by Carl Gunnarsson.
5:10 of 1st period - Shot Blocked by Eric Tangradi.
5:12 of 1st period - Slapshot by Oskars Bartulis.
5:12 of 1st period - Stopped by Harru Sateri with a rebound.
5:14 of 1st period - Wrist shot by Oskars Bartulis.
5:14 of 1st period - Deflect By Brandon Burlon.
5:14 of 1st period - Stopped by Harru Sateri with a rebound.
5:32 of 1st period - Andreas Engqvist is hit by Jeffrey Foss and loses puck.
5:39 of 1st period - Wrist shot by Kyle Brodziak.
5:39 of 1st period - Stopped by Alex Stalock with a rebound.
6:21 of 1st period - Snap shot by Ben Smith.
6:21 of 1st period - Stopped by Harru Sateri without a rebound.
6:22 of 1st period - Ben Smith wins face-off versus Kyle Brodziak in Saguenéens zone.
7:01 of 1st period - Off-side.
7:02 of 1st period - Ryan Carter wins face-off versus Brian Flynn in neutral zone.
7:05 of 1st period - Slapshot by Martins Karsums.
7:05 of 1st period - Stopped by Harru Sateri with a rebound.
8:23 of 1st period - Snap shot by Colin McDonald.
8:23 of 1st period - Shot Misses the Net.
10:20 of 1st period - Wrist shot by Ben Smith.
10:20 of 1st period - Shot Blocked by Jeffrey Foss.
10:26 of 1st period - Wrist shot by Kyle Brodziak.
10:26 of 1st period - Stopped by Alex Stalock with a rebound.
10:28 of 1st period - Snap shot by Wayne Simmonds.
10:28 of 1st period - Goal by Wayne Simmonds - Influenza : 0 - Saguenéens : 1.
10:29 of 1st period - Kyle Brodziak wins face-off versus Ryan Carter in neutral zone.
10:38 of 1st period - Slapshot by Kyle Brodziak.
10:38 of 1st period - Stopped by Alex Stalock with a rebound.
10:58 of 1st period - Snap shot by Jeremy Morin.
10:58 of 1st period - Shot Misses the Net.
11:22 of 1st period - Cody McCormick is hit by Eric Tangradi and loses puck.
11:41 of 1st period - Snap shot by Colin McDonald.
11:41 of 1st period - Stopped by Harru Sateri with a rebound.
11:43 of 1st period - Slapshot by Oskars Bartulis.
11:43 of 1st period - Shot Blocked by Tyler McNeely.
11:45 of 1st period - Slapshot by Carl Gunnarsson.
11:45 of 1st period - Deflect By Mike Sauer.
11:45 of 1st period - Stopped by Harru Sateri with a rebound.
11:47 of 1st period - Wrist shot by Oskars Bartulis.
11:47 of 1st period - Deflect By Colin McDonald.
11:47 of 1st period - Stopped by Harru Sateri with a rebound.
12:08 of 1st period - Minor Penalty to Matt Corrente for Interference.
12:09 of 1st period - Kyle Brodziak wins face-off versus Robbie Earl in Influenza zone.
14:08 of 1st period - Penalty to Matt Corrente is over, Matt Corrente is back on ice.
14:27 of 1st period - Wrist shot by Tyler McNeely.
14:27 of 1st period - Shot Misses the Net.
15:22 of 1st period - Minor Penalty to Joffrey Lupul for Boarding.
15:23 of 1st period - Ryan Carter wins face-off versus Petteri Wirtanen in Saguenéens zone.
16:16 of 1st period - Slapshot by Ryan Russell.
16:16 of 1st period - Shot Misses the Net.
16:18 of 1st period - Wrist shot by Ben Smith.
16:18 of 1st period - Shot Blocked by Kevin Marshall.
16:20 of 1st period - Slapshot by Cody McCormick.
16:20 of 1st period - Stopped by Harru Sateri without a rebound.
16:21 of 1st period - Ryan Carter wins face-off versus Kyle Brodziak in Saguenéens zone.
16:34 of 1st period - Backhand shot by Ryan Carter.
16:34 of 1st period - Goal by Ryan Carter - Influenza : 1 - Saguenéens : 1.
16:35 of 1st period - Ryan Carter wins face-off versus Kyle Brodziak in neutral zone.
16:46 of 1st period - Wrist shot by Martins Karsums.
16:46 of 1st period - Stopped by Harru Sateri with a rebound.
17:23 of 1st period - Snap shot by Bryan Bickell.
17:23 of 1st period - Goal by Bryan Bickell - Influenza : 1 - Saguenéens : 2.
17:24 of 1st period - Kyle Brodziak wins face-off versus Ryan Carter in neutral zone.
17:27 of 1st period - Mathieu Carle is hit by Wayne Simmonds and loses puck.
17:34 of 1st period - Wrist shot by Evgeny Dadonov.
17:34 of 1st period - Shot Blocked by Matt Corrente.
17:36 of 1st period - Slapshot by Kevin Marshall.
17:36 of 1st period - Stopped by Alex Stalock without a rebound.
17:36 of 1st period - Double Minor Penalty to Alex Stalock for Slashing.
17:37 of 1st period - Kyle Brodziak wins face-off versus Robbie Earl in Influenza zone.
17:38 of 1st period - Snap shot by Evgeny Dadonov.
17:38 of 1st period - Shot Blocked by Brian Salcido.
17:40 of 1st period - Slapshot by Mike Sauer.
17:40 of 1st period - Deflect By Kyle Brodziak.
17:40 of 1st period - Shot Misses the Net.
17:40 of 1st period - Puck is out of play.
17:41 of 1st period - Wayne Simmonds wins face-off versus Robbie Earl in Influenza zone.
18:19 of 1st period - Icing by Kevin Marshall.
18:20 of 1st period - Marcus Johansson wins face-off versus Robbie Earl in Saguenéens zone.
18:25 of 1st period - Mike Sauer is hit by Robbie Earl and loses puck.
18:35 of 1st period - Wrist shot by Joffrey Lupul.
18:35 of 1st period - Deflect By Marcus Johansson.
18:35 of 1st period - Shot Blocked by Mathieu Carle.
18:35 of 1st period - Puck is out of play.
18:36 of 1st period - Martins Karsums wins face-off versus Kyle Brodziak in Influenza zone.
18:36 of 1st period - Martins Karsums is hit by Wayne Simmonds.
Goals for this period are 1 for Influenza vs 2 for Saguenéens.
Shots for this period are 15 for Influenza vs 8 for Saguenéens.
2nd period
0:01 of 2nd period - Kyle Brodziak wins face-off versus Robbie Earl in neutral zone.
0:06 of 2nd period - Slapshot by Derek Morris.
0:06 of 2nd period - Goal by Derek Morris - Influenza : 1 - Saguenéens : 3.
0:07 of 2nd period - Ryan Carter wins face-off versus Kyle Brodziak in neutral zone.
0:56 of 2nd period - Off-side.
0:57 of 2nd period - Zac Dalpe wins face-off versus Marcus Johansson in neutral zone.
1:23 of 2nd period - Mike Sauer is hit by Ryan Carter and loses puck.
1:28 of 2nd period - Snap shot by Martins Karsums.
1:28 of 2nd period - Shot Blocked by Mike Sauer.
1:30 of 2nd period - Slapshot by Martins Karsums.
1:30 of 2nd period - Stopped by Harru Sateri with a rebound.
1:40 of 2nd period - Minor Penalty to Kyle Brodziak for High sticking.
1:41 of 2nd period - Petteri Wirtanen wins face-off versus Ryan Carter in Saguenéens zone.
2:28 of 2nd period - Kevin Marshall is hit by Martins Karsums and loses puck.
3:40 of 2nd period - Penalty to Kyle Brodziak is over, Kyle Brodziak is back on ice.
4:12 of 2nd period - Snap shot by Zac Dalpe.
4:12 of 2nd period - Shot Blocked by Petteri Wirtanen.
4:14 of 2nd period - Snap shot by Eric Wellwood.
4:14 of 2nd period - Stopped by Harru Sateri without a rebound.
4:15 of 2nd period - Andreas Engqvist wins face-off versus Petteri Wirtanen in Saguenéens zone.
4:16 of 2nd period - Wrist shot by Colin McDonald.
4:16 of 2nd period - Stopped by Harru Sateri with a rebound.
4:28 of 2nd period - Slapshot by Colin McDonald.
4:28 of 2nd period - Stopped by Harru Sateri with a rebound.
4:30 of 2nd period - Slapshot by Oskars Bartulis.
4:30 of 2nd period - Shot Misses the Net.
4:40 of 2nd period - Oskars Bartulis is hit by Derek Morris and loses puck.
5:13 of 2nd period - Snap shot by Jeremy Morin.
5:13 of 2nd period - Shot Misses the Net.
5:33 of 2nd period - Slapshot by Martins Karsums.
5:33 of 2nd period - Goal by Martins Karsums - Influenza : 2 - Saguenéens : 3.
5:34 of 2nd period - Ryan Carter wins face-off versus Kyle Brodziak in neutral zone.
6:11 of 2nd period - Snap shot by Kyle Brodziak.
6:11 of 2nd period - Stopped by Alex Stalock without a rebound.
6:12 of 2nd period - Cody McCormick wins face-off versus Marcus Johansson in Influenza zone.
6:23 of 2nd period - Snap shot by Marcus Johansson.
6:23 of 2nd period - Stopped by Alex Stalock without a rebound.
6:24 of 2nd period - Marcus Johansson wins face-off versus Cody McCormick in Influenza zone.
6:27 of 2nd period - Snap shot by Marcus Johansson.
6:27 of 2nd period - Stopped by Alex Stalock without a rebound.
6:28 of 2nd period - Cody McCormick wins face-off versus Marcus Johansson in Influenza zone.
6:37 of 2nd period - David Laliberté is hit by Mathieu Carle and loses puck.
6:57 of 2nd period - Robbie Earl is hit by Evgeny Dadonov and loses puck.
7:57 of 2nd period - Snap shot by Eric Tangradi.
7:57 of 2nd period - Shot Misses the Net.
7:59 of 2nd period - Slapshot by Bryan Bickell.
7:59 of 2nd period - Shot Misses the Net.
8:01 of 2nd period - Slapshot by Jeffrey Foss.
8:01 of 2nd period - Stopped by Alex Stalock without a rebound.
8:02 of 2nd period - Wayne Simmonds wins face-off versus Cody McCormick in Influenza zone.
8:03 of 2nd period - Wrist shot by Kyle Brodziak.
8:03 of 2nd period - Stopped by Alex Stalock without a rebound.
8:04 of 2nd period - Kyle Brodziak wins face-off versus Cody McCormick in Influenza zone.
8:19 of 2nd period - Snap shot by Kyle Brodziak.
8:19 of 2nd period - Stopped by Alex Stalock with a rebound.
8:36 of 2nd period - Off-side.
8:37 of 2nd period - Kyle Brodziak wins face-off versus Ryan Carter in neutral zone.
8:41 of 2nd period - Icing by Mathieu Carle.
8:42 of 2nd period - Kyle Brodziak wins face-off versus Ryan Carter in Influenza zone.
8:43 of 2nd period - Snap shot by Evgeny Dadonov.
8:43 of 2nd period - Stopped by Alex Stalock without a rebound.
8:44 of 2nd period - Ryan Carter wins face-off versus Kyle Brodziak in Influenza zone.
9:10 of 2nd period - Matt Corrente is hit by Marcus Johansson.
9:34 of 2nd period - Snap shot by Mathieu Carle.
9:34 of 2nd period - Stopped by Harru Sateri with a rebound.
9:36 of 2nd period - Slapshot by Matt Corrente.
9:36 of 2nd period - Stopped by Harru Sateri with a rebound.
9:38 of 2nd period - Slapshot by Mathieu Carle.
9:38 of 2nd period - Deflect By Zac Dalpe.
9:38 of 2nd period - Shot Misses the Net.
9:38 of 2nd period - Puck is out of play.
9:39 of 2nd period - Ryan Carter wins face-off versus Kyle Brodziak in Saguenéens zone.
9:40 of 2nd period - Slapshot by Robbie Earl.
9:40 of 2nd period - Shot Misses the Net.
10:31 of 2nd period - Snap shot by Eric Wellwood.
10:31 of 2nd period - Stopped by Harru Sateri without a rebound.
10:32 of 2nd period - Kyle Brodziak wins face-off versus Martins Karsums in Saguenéens zone.
10:53 of 2nd period - Minor Penalty to Wayne Simmonds for High sticking.
10:54 of 2nd period - Petteri Wirtanen wins face-off versus Ryan Carter in Saguenéens zone.
10:54 of 2nd period - Petteri Wirtanen is hit by Mathieu Carle.
11:30 of 2nd period - Off-side.
11:31 of 2nd period - Kyle Brodziak wins face-off versus Ryan Carter in neutral zone.
12:53 of 2nd period - Penalty to Wayne Simmonds is over, Wayne Simmonds is back on ice.
13:01 of 2nd period - Snap shot by Wayne Simmonds.
13:01 of 2nd period - Stopped by Alex Stalock without a rebound.
13:02 of 2nd period - Eric Tangradi wins face-off versus Zac Dalpe in Influenza zone.
13:13 of 2nd period - Snap shot by Zac Dalpe.
13:13 of 2nd period - Deflect By Jeremy Morin.
13:13 of 2nd period - Stopped by Harru Sateri without a rebound.
13:14 of 2nd period - Cody McCormick wins face-off versus Kyle Brodziak in Saguenéens zone.
14:04 of 2nd period - Kris Russell is hit by Carl Gunnarsson and loses puck.
14:21 of 2nd period - Colin McDonald is hit by Tyler McNeely and loses puck.
14:52 of 2nd period - Ben Smith is hit by Derek Morris and loses puck.
15:07 of 2nd period - Snap shot by Bryan Bickell.
15:07 of 2nd period - Shot Misses the Net.
15:09 of 2nd period - Slapshot by Kevin Marshall.
15:09 of 2nd period - Shot Blocked by Brian Salcido.
15:11 of 2nd period - Wrist shot by Mike Sauer.
15:11 of 2nd period - Shot Blocked by Jeff Petry.
15:13 of 2nd period - Slapshot by Mike Sauer.
15:13 of 2nd period - Deflect By Ben Smith.
15:13 of 2nd period - Stopped by Alex Stalock with a rebound.
15:15 of 2nd period - Slapshot by Mike Sauer.
15:15 of 2nd period - Stopped by Alex Stalock with a rebound.
15:50 of 2nd period - Matt Corrente is hit by Kevin Marshall and loses puck.
15:57 of 2nd period - Slapshot by Mathieu Carle.
15:57 of 2nd period - Shot Misses the Net.
15:59 of 2nd period - Slapshot by Matt Corrente.
15:59 of 2nd period - Stopped by Harru Sateri with a rebound.
16:10 of 2nd period - Minor Penalty to Rhett Rakhshani for High sticking.
16:11 of 2nd period - Kyle Brodziak wins face-off versus Robbie Earl in Saguenéens zone.
16:19 of 2nd period - Martins Karsums is hit by Derek Morris.
16:27 of 2nd period - Wrist shot by Ryan Carter.
16:27 of 2nd period - Stopped by Harru Sateri with a rebound.
16:43 of 2nd period - Wrist shot by Ryan Russell.
16:43 of 2nd period - Deflect By Kris Russell.
16:43 of 2nd period - Goal by Ryan Russell - Influenza : 3 - Saguenéens : 3.
16:44 of 2nd period - Kyle Brodziak wins face-off versus Ryan Carter in neutral zone.
16:44 of 2nd period - Kyle Brodziak is hit by Robbie Earl.
16:48 of 2nd period - Mathieu Carle is hit by Evgeny Dadonov.
17:00 of 2nd period - Wrist shot by Robbie Earl.
17:00 of 2nd period - Shot Misses the Net.
17:02 of 2nd period - Minor Penalty to Wayne Simmonds for Tripping.
17:03 of 2nd period - Ryan Carter wins face-off versus Petteri Wirtanen in Saguenéens zone.
17:12 of 2nd period - Slapshot by Ryan Carter.
17:12 of 2nd period - Goal by Ryan Carter - Influenza : 4 - Saguenéens : 3.
17:13 of 2nd period - Kyle Brodziak wins face-off versus Ryan Carter in neutral zone.
17:45 of 2nd period - Ryan Russell is hit by Joffrey Lupul and loses puck.
18:12 of 2nd period - Snap shot by Zac Dalpe.
18:12 of 2nd period - Shot Misses the Net.
18:18 of 2nd period - Minor Penalty to Bryan Bickell for Holding.
18:19 of 2nd period - Martins Karsums wins face-off versus Kyle Brodziak in Saguenéens zone.
18:27 of 2nd period - Icing by Martins Karsums.
18:28 of 2nd period - Ryan Carter wins face-off versus Petteri Wirtanen in Influenza zone.
18:34 of 2nd period - Off-side.
18:35 of 2nd period - Ryan Carter wins face-off versus Kyle Brodziak in neutral zone.
19:02 of 2nd period - Wrist shot by Cody McCormick.
19:02 of 2nd period - Stopped by Harru Sateri without a rebound.
19:03 of 2nd period - Cody McCormick wins face-off versus Petteri Wirtanen in Saguenéens zone.
19:08 of 2nd period - Wrist shot by Ryan Russell.
19:08 of 2nd period - Shot Blocked by Wayne Simmonds.
19:10 of 2nd period - Snap shot by Ryan Russell.
19:10 of 2nd period - Stopped by Harru Sateri without a rebound.
19:11 of 2nd period - Petteri Wirtanen wins face-off versus Ryan Carter in Saguenéens zone.
19:20 of 2nd period - Slapshot by Matt Corrente.
19:20 of 2nd period - Shot Blocked by Kevin Marshall.
19:22 of 2nd period - Wrist shot by Robbie Earl.
19:22 of 2nd period - Stopped by Harru Sateri with a rebound.
19:36 of 2nd period - Slapshot by Petteri Wirtanen.
19:36 of 2nd period - Stopped by Alex Stalock with a rebound.
19:58 of 2nd period - Derek Morris is hit by Matt Corrente and loses puck.
Goals for this period are 3 for Influenza vs 1 for Saguenéens.
Shots for this period are 16 for Influenza vs 12 for Saguenéens.
3rd period
0:01 of 3rd period - Ryan Carter wins face-off versus Petteri Wirtanen in neutral zone.
0:18 of 3rd period - Penalty to Bryan Bickell is over, Bryan Bickell is back on ice.
0:26 of 3rd period - Snap shot by Kyle Brodziak.
0:26 of 3rd period - Stopped by Alex Stalock with a rebound.
0:40 of 3rd period - Icing by David Laliberté.
0:41 of 3rd period - Kyle Brodziak wins face-off versus Cody McCormick in Saguenéens zone.
0:46 of 3rd period - Ben Smith is hit by Kevin Marshall.
1:01 of 3rd period - Wrist shot by Kyle Brodziak.
1:01 of 3rd period - Goal by Kyle Brodziak - Influenza : 4 - Saguenéens : 4.
1:02 of 3rd period - Kyle Brodziak wins face-off versus Ryan Carter in neutral zone.
1:27 of 3rd period - Ben Smith is hit by David Laliberté and loses puck.
1:34 of 3rd period - Slapshot by David Laliberté.
1:34 of 3rd period - Shot Misses the Net.
1:36 of 3rd period - Slapshot by Marcus Johansson.
1:36 of 3rd period - Shot Blocked by Mathieu Carle.
1:47 of 3rd period - Off-side.
1:48 of 3rd period - Zac Dalpe wins face-off versus Brian Flynn in neutral zone.
2:01 of 3rd period - Snap shot by Eric Wellwood.
2:01 of 3rd period - Shot Misses the Net.
2:03 of 3rd period - Slapshot by Zac Dalpe.
2:03 of 3rd period - Deflect By Derek Morris.
2:03 of 3rd period - Goal by Zac Dalpe - Influenza : 5 - Saguenéens : 4.
2:04 of 3rd period - Ryan Carter wins face-off versus Kyle Brodziak in neutral zone.
2:17 of 3rd period - Wrist shot by Martins Karsums.
2:17 of 3rd period - Deflect By Robbie Earl.
2:17 of 3rd period - Deflect By Evgeny Dadonov.
2:17 of 3rd period - Shot Misses the Net.
2:17 of 3rd period - Puck is out of play.
2:18 of 3rd period - Marcus Johansson wins face-off versus Robbie Earl in Saguenéens zone.
2:43 of 3rd period - Mike Sauer is hit by Cody McCormick.
2:47 of 3rd period - Slapshot by Wayne Simmonds.
2:47 of 3rd period - Stopped by Alex Stalock with a rebound.
2:57 of 3rd period - Kyle Brodziak is hit by Cody McCormick and loses puck.
3:04 of 3rd period - Ryan Russell is hit by Wayne Simmonds and loses puck.
3:30 of 3rd period - Ben Smith is hit by Kyle Brodziak and loses puck.
3:54 of 3rd period - Snap shot by Ben Smith.
3:54 of 3rd period - Goal by Ben Smith - Influenza : 6 - Saguenéens : 4.
3:55 of 3rd period - Ryan Carter wins face-off versus Marcus Johansson in neutral zone.
4:00 of 3rd period - Snap shot by Marcus Johansson.
4:00 of 3rd period - Goal by Marcus Johansson - Influenza : 6 - Saguenéens : 5.
4:01 of 3rd period - Ryan Carter wins face-off versus Marcus Johansson in neutral zone.
4:30 of 3rd period - Wrist shot by Derek Morris.
4:30 of 3rd period - Shot Blocked by Eric Wellwood.
5:21 of 3rd period - Snap shot by Rhett Rakhshani.
5:21 of 3rd period - Deflect By Petteri Wirtanen.
5:21 of 3rd period - Stopped by Alex Stalock without a rebound.
5:22 of 3rd period - Ryan Carter wins face-off versus Rhett Rakhshani in Influenza zone.
5:27 of 3rd period - Slapshot by Oskars Bartulis.
5:27 of 3rd period - Deflect By Ryan Carter.
5:27 of 3rd period - Stopped by Harru Sateri without a rebound.
5:28 of 3rd period - Marcus Johansson wins face-off versus Ryan Carter in Saguenéens zone.
6:19 of 3rd period - Snap shot by Marcus Johansson.
6:19 of 3rd period - Stopped by Alex Stalock without a rebound.
6:20 of 3rd period - Kyle Brodziak wins face-off versus Ryan Carter in Influenza zone.
6:41 of 3rd period - Minor Penalty to Robbie Earl for Hooking.
6:42 of 3rd period - Kyle Brodziak wins face-off versus Colin McDonald in Influenza zone.
6:53 of 3rd period - Snap shot by Kyle Brodziak.
6:53 of 3rd period - Goal by Kyle Brodziak - Influenza : 6 - Saguenéens : 6.
6:54 of 3rd period - Marcus Johansson wins face-off versus Ryan Carter in neutral zone.
7:19 of 3rd period - Kyle Brodziak is hit by Mathieu Carle and loses puck.
7:44 of 3rd period - Derek Morris is hit by Oskars Bartulis and loses puck.
8:11 of 3rd period - Slapshot by David Laliberté.
8:11 of 3rd period - Shot Blocked by Colin McDonald.
8:51 of 3rd period - Snap shot by Ben Smith.
8:51 of 3rd period - Stopped by Harru Sateri without a rebound.
8:52 of 3rd period - Evgeny Dadonov wins face-off versus Cody McCormick in Saguenéens zone.
9:05 of 3rd period - Snap shot by Evgeny Dadonov.
9:05 of 3rd period - Stopped by Alex Stalock without a rebound.
9:06 of 3rd period - Joffrey Lupul wins face-off versus Ryan Carter in Influenza zone.
9:17 of 3rd period - Snap shot by Joffrey Lupul.
9:17 of 3rd period - Stopped by Alex Stalock without a rebound.
9:18 of 3rd period - Kyle Brodziak wins face-off versus Ryan Carter in Influenza zone.
9:31 of 3rd period - Snap shot by Evgeny Dadonov.
9:31 of 3rd period - Stopped by Alex Stalock without a rebound.
9:32 of 3rd period - Ryan Carter wins face-off versus Marcus Johansson in Influenza zone.
9:50 of 3rd period - Minor Penalty to Matt Corrente for Roughing.
9:51 of 3rd period - Robbie Earl wins face-off versus Kyle Brodziak in Influenza zone.
10:37 of 3rd period - Icing by Mike Sauer.
10:38 of 3rd period - Kyle Brodziak wins face-off versus Robbie Earl in Saguenéens zone.
11:50 of 3rd period - Penalty to Matt Corrente is over, Matt Corrente is back on ice.
12:01 of 3rd period - Wrist shot by Brian Flynn.
12:01 of 3rd period - Shot Misses the Net.
12:03 of 3rd period - Slapshot by Eric Tangradi.
12:03 of 3rd period - Shot Misses the Net.
12:05 of 3rd period - Slapshot by Derek Morris.
12:05 of 3rd period - Stopped by Alex Stalock without a rebound.
12:06 of 3rd period - Brian Flynn wins face-off versus Cody McCormick in Influenza zone.
12:11 of 3rd period - Wrist shot by Eric Tangradi.
12:11 of 3rd period - Shot Misses the Net.
12:13 of 3rd period - Backhand shot by Kevin Marshall.
12:13 of 3rd period - Shot Blocked by Jeff May.
12:15 of 3rd period - Wrist shot by Bryan Bickell.
12:15 of 3rd period - Stopped by Alex Stalock without a rebound.
12:16 of 3rd period - Brian Flynn wins face-off versus Cody McCormick in Influenza zone.
12:31 of 3rd period - Snap shot by Bryan Bickell.
12:31 of 3rd period - Stopped by Alex Stalock without a rebound.
12:32 of 3rd period - Ryan Carter wins face-off versus Wayne Simmonds in Influenza zone.
12:47 of 3rd period - Snap shot by Kyle Brodziak.
12:47 of 3rd period - Stopped by Alex Stalock without a rebound.
12:48 of 3rd period - Marcus Johansson wins face-off versus Cody McCormick in Influenza zone.
12:57 of 3rd period - Wrist shot by Ryan Russell.
12:57 of 3rd period - Stopped by Harru Sateri without a rebound.
12:58 of 3rd period - Marcus Johansson wins face-off versus Cody McCormick in Saguenéens zone.
13:07 of 3rd period - Slapshot by David Laliberté.
13:07 of 3rd period - Deflect By Marcus Johansson.
13:07 of 3rd period - Stopped by Alex Stalock without a rebound.
13:08 of 3rd period - Ryan Carter wins face-off versus Wayne Simmonds in Influenza zone.
13:14 of 3rd period - Off-side.
13:15 of 3rd period - Ryan Carter wins face-off versus Evgeny Dadonov in neutral zone.
13:27 of 3rd period - Mike Sauer is hit by Matt Corrente and loses puck.
13:30 of 3rd period - Snap shot by Wayne Simmonds.
13:30 of 3rd period - Deflect By Mathieu Carle.
13:30 of 3rd period - Stopped by Alex Stalock with a rebound.
14:06 of 3rd period - Wrist shot by Eric Wellwood.
14:06 of 3rd period - Stopped by Harru Sateri without a rebound.
14:07 of 3rd period - Kyle Brodziak wins face-off versus Jeremy Morin in Saguenéens zone.
14:32 of 3rd period - Marcus Johansson is hit by Martins Karsums and loses puck.
14:57 of 3rd period - Wrist shot by Bryan Bickell.
14:57 of 3rd period - Shot Blocked by Carl Gunnarsson.
16:10 of 3rd period - Slapshot by Mathieu Carle.
16:10 of 3rd period - Shot Blocked by Kris Russell.
16:33 of 3rd period - Wrist shot by Tyler McNeely.
16:33 of 3rd period - Shot Blocked by Mathieu Carle.
17:13 of 3rd period - Wrist shot by Zac Dalpe.
17:13 of 3rd period - Deflect By Jeremy Morin.
17:13 of 3rd period - Stopped by Harru Sateri with a rebound.
17:15 of 3rd period - Snap shot by Mathieu Carle.
17:15 of 3rd period - Stopped by Harru Sateri without a rebound.
17:16 of 3rd period - Andreas Engqvist wins face-off versus Brian Flynn in Saguenéens zone.
17:47 of 3rd period - Eric Wellwood is hit by Evgeny Dadonov and loses puck.
17:48 of 3rd period - Eric Wellwood from Influenza is injured at 17:48 of 3rd period (Bruised Left Foot).
17:49 of 3rd period - Zac Dalpe wins face-off versus Brian Flynn in Influenza zone.
18:14 of 3rd period - Carl Gunnarsson is hit by Kyle Brodziak and loses puck.
18:25 of 3rd period - Snap shot by Kyle Brodziak.
18:25 of 3rd period - Goal by Kyle Brodziak - Influenza : 6 - Saguenéens : 7.
18:26 of 3rd period - Brian Flynn wins face-off versus Zac Dalpe in neutral zone.
19:08 of 3rd period - Influenza, Alex Stalock is pulled from the net.
19:43 of 3rd period - Slapshot by Martins Karsums.
19:43 of 3rd period - Stopped by Harru Sateri with a rebound.
Goals for this period are 2 for Influenza vs 4 for Saguenéens.
Shots for this period are 9 for Influenza vs 17 for Saguenéens.
Output by the SimonT Hockey Simulator (STHS) for François Prévost -- Original Page W3C XHTML 1.0 Valid